 Dungeon Crawl Stone Soup version 0.28.0-45-g0d030f2227 (webtiles) character file.

Game seed: 14723578023345490528

273161 MisterFreud the End of an Era (level 20, -2/195 HPs)
             Began as a Ghoul Gladiator on Mar 31, 2022.
             Was the Champion of Qazlal.
             Slain by an orc knight
             ... wielding a +0 war axe
              (19 damage)
             ... on level 2 of the Vaults.
             The game lasted 01:32:59 (48727 turns).

MisterFreud the End of an Era (Ghoul Gladiator)    Turns: 48727, Time: 01:33:00

Health: -2/195     AC: 35    Str: 28    XL:     20   Next: 28%
Magic:  0/33       EV:  9    Int:  5    God:    Qazlal [******]
Gold:   2837       SH:  8    Dex: 14    Spells: 19/19 levels left

rFire   + + .      SeeInvis .   b - +5 lajatang
rCold   . . .      Faith    .   (shield currently unavailable)
rNeg    + + +      Spirit   +   k - +6 plate armour "Joetry" {Rampage rC- Str+3 Dex+4}
rPois   ∞          Reflect  .   c - +1 helmet
rElec   +          Harm     .   V - +0 cloak
rCorr   .          Rampage  +   I - +2 pair of gloves of Mud Wizopn {rElec rF++ rN++}
Will    +++..                   F - +0 pair of boots
Stlth   ..........              S - amulet of guardian spirit
HPRegen 0.00/turn               E - ring of willpower
MPRegen 0.23/turn               C - ring of willpower

@: protected from physical damage, inhibited regen, repel missiles
A: claws 1, cold resistance 1, negative energy resistance 3, inhibited
regeneration, torment resistance 2
}: 2/15 runes: barnacled, gossamer
a: Renounce Religion, Upheaval, Elemental Force, Disaster Area


You were on level 2 of the Vaults.
You worshipped Qazlal.
Qazlal was exalted by your worship.
You visited 6 branches of the dungeon, and saw 33 of its levels.

You collected 3129 gold pieces.
You spent 292 gold pieces at shops.

Inventory:

Hand Weapons
 a - a +0 antimagic quarterstaff
 b - a +5 lajatang (weapon)
 L - a +0 vorpal quarterstaff
Missiles
 d - 10 throwing nets
 g - 24 poisoned darts
 i - 2 silver javelins (quivered)
 l - 3 silver boomerangs
 n - 9 curare-tipped darts
 s - 38 boomerangs
 M - 6 atropa-tipped darts
Armour
 c - a +1 helmet (worn)
 k - the +6 plate armour "Joetry" (worn) {Rampage rC- Str+3 Dex+4}
   (You found it on level 2 of the Dungeon)

   Str:       It affects your strength (+3).
   Dex:       It affects your dexterity (+4).
   rC:        It makes you vulnerable to cold.
   Rampage:   It bestows one free step when moving towards enemies.
 F - a +0 pair of boots (worn)
 I - the +2 pair of gloves of Mud Wizopn (worn) {rElec rF++ rN++}
   (You acquired it on level 11 of the Dungeon)

   rF:        It greatly protects you from fire.
   rElec:     It insulates you from electricity.
   rN:        It greatly protects you from negative energy.
 V - a +0 cloak (worn)
Jewellery
 o - a ring of protection from fire
 u - a ring of protection from cold
 y - a ring of see invisible
 C - a ring of willpower (right hand)
 E - a ring of willpower (left hand)
 S - an amulet of guardian spirit (around neck)
 Y - a +4 ring of evasion
Wands
 v - a wand of flame (66)
 B - a wand of charming (11)
 O - a wand of iceblast (8)
 R - a wand of paralysis (8)
Scrolls
 p - 2 scrolls of fog
 t - 9 scrolls of teleportation
 w - 3 scrolls of enchant armour
 A - 2 scrolls of silence
 D - 7 scrolls of blinking
 G - 4 scrolls of magic mapping
 J - 3 scrolls of fear
 N - 2 scrolls of torment
 T - 7 scrolls of identify
 W - a scroll of summoning
Potions
 e - 4 potions of magic
 f - 7 potions of curing
 h - 6 potions of haste
 j - 10 potions of might
 m - 4 potions of brilliance
 q - 16 potions of ambrosia
 r - a potion of invisibility
 x - 3 potions of heal wounds
 z - 6 potions of flight
 H - 3 potions of attraction
 K - a potion of resistance
Miscellaneous
 P - a piece from Xom's chessboard (15/15)
 Q - a phantom mirror
 U - a lightning rod (4/4)
 X - a phial of floods
 Z - a condenser vane


   Skills:
 + Level 20.6 Fighting
 + Level 15.7 Staves
 - Level 1.7 Throwing
 - Level 15.0 Armour
 - Level 2.6 Dodging
 + Level 21.6 Invocations
 - Level 10.0 Evocations


You had 19 spell levels left.
You didn't know any spells.
Your spell library contained the following spells:

 Spells                   Type           Power      Damage    Failure   Level
 Foxfire                  Conj/Fire      0%         2x1d4     97%         1
 Shock                    Conj/Air       0%         1d3       97%         1
 Conjure Flame            Conj/Fire      0%         6-21      100%        3
 Inner Flame              Hex/Fire       0%         N/A       100%        3
 Ozocubu's Armour         Ice            0%         N/A       100%        3
 Stone Arrow              Conj/Erth      0%         3d7       100%        3
 Animate Armour           Summ/Erth      0%         N/A       100%        4
 Cause Fear               Hex            0%         N/A       100%        4
 Flame Wave               Conj/Fire      0%         2d4       100%        4
 Leda's Liquefaction      Hex/Erth       0%         N/A       100%        4
 Summon Ice Beast         Ice/Summ       0%         N/A       100%        4
 Alistair's Intoxication  Tmut/Pois      0%         N/A       100%        5
 Borgnjor's Vile Clutch   Necr/Erth      0%         N/A       100%        5
 Irradiate                Conj/Tmut      0%         3d14      100%        5
 Lee's Rapid Deconstruct  Erth           0%         3d5*      100%        5
 Metabolic Englaciation   Hex/Ice        0%         N/A       100%        5
 Summon Mana Viper        Hex/Summ       0%         N/A       100%        5
 Conjure Ball Lightning   Conj/Air       0%         3x3d6     100%        6
 Eringya's Noxious Bog    Tmut/Pois      0%         N/A       100%        6
 Simulacrum               Ice/Necr       0%         N/A       100%        6
 Monstrous Menagerie      Summ           0%         N/A       100%        7
 Lehudib's Crystal Spear  Conj/Erth      0%         10d2      100%        8
 Dragon's Call            Summ           0%         N/A       100%        9
 Fire Storm               Conj/Fire      0%         5d1       100%        9
 Blade Hands              Tmut           Unusable   N/A       N/A         5
 Statue Form              Tmut/Erth      Unusable   N/A       N/A         6
 Dragon Form              Tmut           Unusable   N/A       N/A         7

Dungeon Overview and Level Annotations

Branches:
Dungeon (15/15)            Temple (0/1) D:4            Lair (6/6) D:8
 Shoals (4/4) Lair:3       Spider (4/4) Lair:3        Slime (0/5) Lair:5
    Orc (2/2) D:10            Elf (0/3) Orc:2        Vaults (2/5) D:14
  Crypt (0/3) Vaults:2     Depths (0/4) D:15

Altars:
Cheibriados
Gozag
Nemelex Xobeh
Qazlal
Ru
Uskayaw
Wu Jian
Xom
Yredelemnul
Zin
Jiyva

Shops:
D:5 [   D:10 ([   D:13 (:[*   Orc:2 !*[(

Annotations:
D:14 2 runed translucent doors
Shoals:1 exclusion: oklob plant
Spider:3 2 transporters, exclusion: orange crystal statue, Arachne; Zappman123's ghost, adept OgGl; jacek's ghost, adept HOFi


Innate Abilities, Weirdness & Mutations

You thrive by killing the living.
You are immune to poison.
You have sharp fingernails.
Your flesh is cold resistant. (rC+)
You are immune to negative energy. (rN+++)
You do not regenerate when monsters are visible.
You are immune to unholy pain and torment.


Message History

You feel better.
The orc knight hits you with a +0 long sword!
* * * LOW HITPOINT WARNING * * *
Unknown command.
You slash the orc knight!
The orc knight is severely wounded.
The orc knight hits you with a +0 long sword!
* * * LOW HITPOINT WARNING * * *
You feel more protected from physical attacks.
Unknown command.
You slice the orc knight!!
You kill the orc knight!
Qazlal accepts your kill.
You feel better.
The orc knight is engulfed in blazing flames.
The orc knight barely misses you.
The yaktaur wields a +0 arbalest.
The yaktaur shoots a bolt.
The bolt hits you.
* * * LOW HITPOINT WARNING * * *
You completely miss the orc knight.
The orc knight is lightly wounded.
The orc knight is engulfed in blazing flames.
The orc knight hits you with a +0 war axe!!!
* * * LOW HITPOINT WARNING * * *
Unknown command.
You feel much better.
The orc knight hits you but does no damage.
The orc knight is engulfed in blazing flames.
You block the orc knight's attack.
You slice the orc knight!!
The orc knight is heavily wounded.
The orc knight hits you but does no damage.
The orc knight hits you with a +0 war axe!!
* * * LOW HITPOINT WARNING * * *
You slash the orc knight!
The orc knight is severely wounded.
The orc knight barely misses you.
You slice the orc knight!!
The orc knight is almost dead.
The orc knight hits you with a +0 war axe!!
You die...

########################
..................°.....
...............o).☼.....
..............co@.......
#######.......°##########
## #.......)#........# #.
#........#...#....# #.
#........#.....#..# #.
#........#..#.....# #.
#........#....#...########.
#.......)#.................
+........######..#.#......#


You could see 2 orc knights and a yaktaur.

Vanquished Creatures
  Jorgrun (Shoals:1)
  4 sphinxes (Shoals:4)
  Gastronok (D:11)
  Kirke (Lair:5)
  Polyphemus (Shoals:2)
  A fire giant (Vaults:1)
  4 ghost moths
  2 emperor scorpions (Spider:4)
  Louise (Shoals:1)
  5 vault wardens
  A frost giant (D:15)
  2 orc warlords (Vaults:2)
  10 ironbound preservers
  9 very ugly things
  A stone giant (Vaults:1)
  4 broodmothers
  A war gargoyle (Vaults:1)
  An ironbound thunderhulk (Vaults:1)
  4 spark wasps
  4 entropy weavers
  4 dire elephants (Vaults:1)
  An ettin (D:14)
  A crystal guardian (Vaults:1)
  Snorg (Lair:4)
  2 merfolk impalers
  4 yaktaur captains
  Fannar (Lair:2)
  Josephine (D:11)
  5 great orbs of eyes
  6 vault guards
  Harold (Lair:2)
  3 jorogumos
  9 hydras
  A death knight (D:14)
  9 boulder beetles
  5 centaur warriors
  2 catoblepae
  A peacekeeper (Vaults:1)
  3 merfolk avatars
  3 radroaches
  6 tengu warriors
  2 two-headed ogres
  5 ironbound frosthearts
  2 merfolk aquamancers (Shoals:3)
  18 satyrs
  17 death yaks
  A deep troll shaman (Lair:6)
  5 orc high priests (Orc:2)
  An iron troll (D:14)
  2 sun moths
  6 sea snakes
  2 pharaoh ants (Spider:3)
  A glowing orange brain (Vaults:1)
  19 deep trolls
  6 orb spiders
  6 steelbarb worms
  A phantasmal warrior (Vaults:1)
  10 ironbound convokers
  14 harpies
  3 wizards (Vaults:1)
  2 deep elf pyromancers
  A human zombie (Vaults:1)
  21 wolf spiders
  15 orc knights
  2 necromancers
  13 fauns
  37 ugly things
  An orc sorcerer (Orc:1)
  7 cyclopes
  12 manticores
  7 merfolk sirens
  6 vault sentinels
  7 moths of wrath
  4 water nymphs
  3 black mambas
  8 elephants
  20 cane toads
  2 gargoyles
  A guardian serpent (shapeshifter) (D:14)
  2 rime drakes
  13 torpor snails
  26 yaktaurs
  9 komodo dragons
  9 demonic crawlers
  5 polar bears
  13 merfolk
  A queen bee (D:13)
  15 meliai
  7 trolls
  26 tarantellas
  8 wind drakes
  15 blink frogs
  18 slime creatures
  5 snapping turtles
  14 dream sheep
  A stone giant simulacrum (Vaults:1)
  33 jumping spiders
  24 culicivoras
  10 water elementals
  9 wraiths
  75 yaks
  6 basilisks
  A human (shapeshifter) (D:14)
  10 vampire mosquitoes
  A steam dragon (D:7)
  45 redbacks
  13 water moccasins
  2 ice beasts (D:6)
  A black bear (D:7)
  A necrophage (D:7)
  25 orc warriors
  2 sky beasts
  4 boggarts (D:15)
  10 centaurs
  14 ogres
  19 wolves
  2 phantoms
  A kobold brigand (D:7)
  8 bullfrogs
  A wyvern zombie (D:5)
  A glowing shapeshifter simulacrum (Vaults:1)
  A water moccasin zombie (D:7)
  A wyvern skeleton (D:7)
  29 killer bees
  2 howler monkeys
  3 wights (D:7)
  3 electric eels
  A bullfrog zombie (D:6)
  2 hounds
  6 centaur zombies
  2 jellies
  30 orc priests
  Terence (D:3)
  An iguana (D:6)
  15 orc wizards
  2 killer bee zombies (D:8)
  5 hound skeletons
  2 howler monkey zombies (D:9)
  6 adders
  14 white imps
  2 ufetubi (D:6)
  2 adder skeletons (D:4)
  2 worms
  A dart slug (D:1)
  60 orcs
  6 endoplasms
  3 giant cockroaches
  5 goblins
  5 hobgoblins
  3 jackals (D:4)
  5 quokkas
  8 ball pythons
  5 bats
  5 frilled lizards
  10 kobolds
  10 rats
  5 butterflies
1185 creatures vanquished.

Vanquished Creatures (others)
  A manticore (Shoals:4)
  2 merfolk
  A human (Lair:5)
  27 fungi
  48 plants
79 creatures vanquished.

Grand Total: 1264 creatures vanquished

Notes
Turn   | Place    | Note
-------+----------+-------------------------------------------
     0 | D:1      | MisterFreud the Ghoul Gladiator began the quest for the
                  | Orb.
     0 | D:1      | Reached XP level 1. HP: 17/17 MP: 0/0
   313 | D:1      | Reached XP level 2. HP: 24/24 MP: 1/1
   448 | D:1      | Found a faded altar of an unknown god.
   608 | D:1      | Prayed at the altar of an unknown god.
   608 | D:1      | Became a worshipper of Qazlal Stormbringer
   608 | D:1      | Reached * piety under Qazlal
   848 | D:2      | Reached XP level 3. HP: 29/29 MP: 2/2
  1117 | D:2      | Identified the +6 plate armour "Joetry" {Rampage rC- Str+3
                  | Dex+4}
  1515 | D:3      | Reached XP level 4. HP: 36/36 MP: 3/3
  1535 | D:3      | Noticed Terence
  1543 | D:3      | Killed Terence
  1544 | D:3      | Reached skill level 1 in Armour
  1544 | D:3      | Reached ** piety under Qazlal
  1907 | D:3      | Found a shimmering altar of Xom.
  2355 | D:4      | Reached XP level 5. HP: 41/41 MP: 4/4
  2464 | D:4      | Noticed an ogre
  2469 | D:4      | Killed an ogre
  2470 | D:4      | Reached skill level 5 in Staves
  2470 | D:4      | Reached XP level 6. HP: 48/48 MP: 5/5
  2559 | D:4      | Found a staircase to the Ecumenical Temple.
  2939 | D:5      | Entered Level 5 of the Dungeon
  3030 | D:5      | Found Kuseinic's Antique Armour Shoppe.
  3095 | D:5      | Reached XP level 7. HP: 24/55 MP: 6/6
  4090 | D:6      | Reached XP level 8. HP: 61/61 MP: 7/7
  4365 | D:6      | Found an opulent altar of Gozag.
  4374 | D:6      | Found a sparkling altar of Nemelex Xobeh.
  4521 | D:6      | Reached *** piety under Qazlal
  4522 | D:6      | Reached skill level 5 in Armour
  4675 | D:6      | Found an ornate altar of the Wu Jian Council.
  4831 | D:7      | Reached XP level 9. HP: 44/68 MP: 8/8
  5910 | D:8      | Reached skill level 10 in Staves
  6034 | D:8      | Reached **** piety under Qazlal
  6071 | D:8      | Reached skill level 5 in Fighting
  6223 | D:8      | Reached XP level 10. HP: 73/81 MP: 9/9
  6322 | D:8      | Found a staircase to the Lair.
  6580 | D:9      | Reached skill level 1 in Invocations
  6947 | D:9      | Reached skill level 2 in Invocations
  7160 | D:9      | Reached skill level 3 in Invocations
  7341 | D:10     | Entered Level 10 of the Dungeon
  7378 | D:10     | Found Zuum Cya's Armour Emporium.
  7380 | D:10     | Noticed a manticore
  7388 | D:10     | Killed a manticore
  7415 | D:10     | Reached skill level 4 in Invocations
  7418 | D:10     | Reached ***** piety under Qazlal
  7425 | D:10     | Reached XP level 11. HP: 89/89 MP: 13/13
  7434 | D:10     | Found a staircase to the Orcish Mines.
  7436 | D:10     | Found Utuz's Weapon Emporium.
  7670 | D:10     | Identified a scroll of acquirement
  7670 | D:10     | Acquired a manual of Armour
  7862 | D:10     | Found a basalt altar of Yredelemnul.
  7867 | D:10     | Found a sacrificial altar of Ru.
  7963 | D:11     | Reached skill level 5 in Invocations
  8200 | D:11     | Noticed Josephine
  8217 | D:11     | Killed Josephine
  8605 | D:11     | Noticed Gastronok
  8642 | D:11     | Killed Gastronok
  8658 | D:11     | Acquired the +2 pair of gloves of Mud Wizopn {rElec rF++
                  | rN++}
  9417 | D:12     | Noticed a white ugly thing
  9418 | D:12     | Noticed a red ugly thing
  9450 | D:11     | Killed a white ugly thing
  9530 | D:12     | Reached skill level 10 in Armour
  9835 | D:12     | Killed a red ugly thing
  9849 | D:12     | Noticed a five-headed hydra
  9913 | D:12     | Reached XP level 12. HP: 81/96 MP: 14/14
  9981 | Lair:1   | Entered Level 1 of the Lair of Beasts
 10020 | Lair:1   | Noticed a death yak
 10153 | D:8      | Killed a death yak
 10204 | D:8      | Reached skill level 6 in Invocations
 10326 | Lair:1   | Noticed a death yak
 10329 | Lair:1   | Noticed a death yak
 10750 | D:7      | Killed a death yak
 10816 | D:8      | Killed a death yak
 10874 | Lair:1   | Noticed a death yak
 10882 | Lair:1   | Reached skill level 7 in Invocations
 10888 | Lair:1   | Killed a death yak
 11174 | Lair:1   | Noticed a five-headed hydra
 11185 | Lair:1   | Killed a seven-headed hydra
 11203 | Lair:1   | Reached skill level 8 in Invocations
 11704 | Lair:2   | Noticed Fannar
 11731 | Lair:2   | Killed Fannar
 11891 | Lair:2   | Reached skill level 9 in Invocations
 11902 | Lair:2   | Reached XP level 13. HP: 96/112 MP: 18/18
 12029 | Lair:2   | Noticed Harold
 12036 | Lair:2   | Killed Harold
 12037 | Lair:2   | Reached skill level 10 in Fighting
 12494 | Lair:2   | Reached skill level 10 in Invocations
 12844 | Lair:3   | Found a staircase to the Shoals.
 12986 | Lair:3   | Reached ****** piety under Qazlal
 13446 | Lair:3   | Found a hole to the Spider Nest.
 14251 | Lair:4   | Found a snail-covered altar of Cheibriados.
 14264 | Lair:4   | Reached skill level 11 in Invocations
 14508 | Lair:4   | Reached XP level 14. HP: 95/121 MP: 21/21
 14513 | Lair:4   | Reached skill level 12 in Invocations
 14531 | Lair:4   | Identified the +7 trident of Perversion {distort, Str+4}
 14585 | Lair:4   | Noticed Snorg
 14596 | Lair:4   | Killed Snorg
 15585 | Lair:4   | Reached skill level 13 in Invocations
 15619 | Lair:5   | Noticed Kirke
 15630 | Lair:5   | Killed Kirke
 15782 | Lair:5   | Reached skill level 14 in Invocations
 15794 | Lair:6   | Entered Level 6 of the Lair of Beasts
 16252 | Lair:6   | Reached skill level 15 in Invocations
 16402 | Lair:6   | Reached skill level 16 in Invocations
 16867 | Lair:6   | Reached skill level 1 in Evocations
 17139 | Lair:6   | Reached XP level 15. HP: 122/126 MP: 26/26
 17530 | Lair:5   | Found a viscous altar of Jiyva.
 17530 | Lair:5   | Found a staircase to the Slime Pits.
 18457 | D:12     | Noticed Sonja
 19227 | D:12     | Noticed Sonja
 19227 | D:12     | Sonja changed into Sonja the blink frog
 19247 | D:12     | Killed Sonja the blink frog
 19653 | D:13     | Found Mostawe's General Store.
 19662 | D:13     | Bought a potion of haste for 100 gold pieces
 19752 | D:13     | Reached skill level 17 in Invocations
 20028 | D:13     | Found Fumewan's Antique Armour Shoppe.
 20071 | D:13     | Found Gutitat's Book Shop.
 20084 | D:13     | Found Riruad's Weapon Shoppe.
 20703 | D:13     | Reached skill level 5 in Evocations
 21646 | D:14     | Found a hide-covered altar of Uskayaw.
 22402 | D:14     | Found a gate to the Vaults.
 22599 | D:14     | Found a runed translucent door.
 22602 | D:14     | Noticed a sphinx
 22603 | D:14     | Noticed a frost giant
 23002 | D:14     | Found a runed translucent door.
 23019 | D:15     | Entered Level 15 of the Dungeon
 23032 | D:15     | Reached skill level 18 in Invocations
 23256 | D:15     | Reached XP level 16. HP: 134/134 MP: 28/28
 23943 | D:15     | Found a staircase to the Depths.
 24354 | Spider:1 | Entered Level 1 of the Spider Nest
 25188 | Spider:1 | Reached skill level 19 in Invocations
 27104 | Spider:2 | Reached skill level 10 in Evocations
 28812 | Spider:3 | Noticed jacek's ghost (adept HOFi)
 28864 | Spider:3 | Found a transporter.
 28865 | Spider:3 | Found a transporter.
 28867 | Spider:3 | Noticed Zappman123's ghost (adept OgGl)
 28868 | Spider:3 | Noticed Arachne
 29801 | Spider:3 | Reached skill level 20 in Invocations
 29898 | Spider:3 | Reached XP level 17. HP: 97/144 MP: 24/30
 30747 | Spider:4 | Entered Level 4 of the Spider Nest
 32072 | Orc:1    | Entered Level 1 of the Orcish Mines
 32267 | Orc:2    | Entered Level 2 of the Orcish Mines
 32267 | Orc:2    | Found a staircase to the Elven Halls.
 34334 | Orc:2    | Found Natirphau's Weapon Boutique.
 34337 | Orc:2    | Found Ynnenegg's Assorted Antiques.
 34338 | Orc:2    | Found Omaekl Vynu's Distillery.
 34339 | Orc:2    | Found Wisustam's Armour Shop.
 34342 | Orc:2    | Bought a potion of might for 64 gold pieces
 34342 | Orc:2    | Bought a potion of might for 64 gold pieces
 34342 | Orc:2    | Bought a potion of might for 64 gold pieces
 35167 | Spider:4 | Reached skill level 15 in Fighting
 36788 | Spider:4 | Got a gossamer rune of Zot
 37147 | D:13     | Identified the +2 chain mail "Dixkahiy" {Harm Regen+ Str+3}
 37309 | Shoals:1 | Entered Level 1 of the Shoals
 37321 | Shoals:1 | Noticed Jorgrun
 37399 | Shoals:1 | Killed Jorgrun
 37400 | Shoals:1 | Reached XP level 18. HP: 159/168 MP: 29/31
 37500 | Shoals:1 | Noticed Louise
 37510 | Shoals:1 | Killed Louise
 38056 | Shoals:2 | Noticed Polyphemus
 38102 | Shoals:2 | Killed Polyphemus
 39397 | Shoals:4 | Entered Level 4 of the Shoals
 41742 | Shoals:4 | Reached XP level 19. HP: 158/185 MP: 29/32
 41838 | Shoals:4 | Got a barnacled rune of Zot
 41840 | Shoals:4 | Got the Almanac of Confrontation and Lightness
 42321 | Vaults:1 | Entered Level 1 of the Vaults
 44980 | Vaults:1 | You fall into a shaft and drop 1 floor!
 45285 | Vaults:2 | Reached skill level 15 in Armour
 45306 | Vaults:2 | HP: 7/185 [ironbound frostheart/creeping frost (28)]
 45314 | Vaults:2 | Reached skill level 15 in Staves
 45742 | Vaults:2 | Reached skill level 21 in Invocations
 47386 | Vaults:1 | Reached XP level 20. HP: 122/193 MP: 20/33
 48637 | Vaults:2 | Found a staircase to the Crypt.
 48727 | Vaults:2 | Slain by an orc knight

Illustrated notes

Levels and vault maps discovered:
D:1:      psy_arrival_whirlpool, layout_loops_ring,
          shapermc_ecumenical_altar_venn
D:2:      layout_rooms
D:3:      layout_basic, lemuel_coloured_pillars_altar, uniq_terence
D:4:      layout_cave_pools, minmay_temple_entry_overgrown
D:5:      layout_loops_cross, serial_shops, nicolae_diamond_shop,
          grunt_ministairs_5
D:6:      layout_gridville, nicolae_wu_jian_glorious_leap,
          nemelex_diamond_rough_becter, kennysheep_mini_moat
D:7:      layout_loops_ring, chequers_decorated_corner
D:8:      layout_basic, lair_entry_dummy
D:9:      layout_roguey
D:10:     layout_cave_pools, amethyst_overflow_temple_binary, orc_david_3
D:11:     layout_grid_maze, portal_ice_cave_entry_imps, uniq_josephine,
          uniq_gastronok
D:12:     layout_gridville, amcnicky_mini_pool_small, uniq_sonja
D:13:     layout_roguey [special_room_bee], serial_shops, shop,
          nicolae_stop_n_shop_2, shop, kennysheep_mini
D:14:     minmay_expanding_circles, layout_grid_maze, david_vaults_4,
          minmay_crystal_room, nicolae_uskayaw_murder_on_the_dancefloor
D:15:     grunt_enter_depths_snipers, layout_stronghold, serial_bayou_ford_a
Lair:1:   layout_gridlike
Lair:2:   layout_loops_ring, st_stairs_11, chequers_serial_rivers_micro_d,
          eino_small_chamber_without_monster, nicolae_quartered_pool_medium,
          uniq_fannar, uniq_harold
Lair:3:   layout_layer_cave, elwin_shoals_entry_rocks,
          hellmonk_spider_entry_not_the_bees
Lair:4:   layout_hall_layers, kennysheep_snail_temple, lemuel_fruit_fields,
          uniq_snorg
Lair:5:   layout_big_grid, slime_altar_1, grunt_megastairs_3,
          lemuel_fruit_fields, uniq_kirke
Lair:6:   grunt_lair_end_beastmaster, layout_cave_pods, lemuel_fruit_tree,
          grunt_megastairs_4, serial_bayou_shore_a
Shoals:1: layout_shoals, lemuel_oklob_altar, uniq_louise, uniq_jorgrun
Shoals:2: layout_shoals, uniq_polyphemus
Shoals:3: layout_shoals, nicolae_shoals_nymph_descending_staircase
Shoals:4: shoals_end_hellmonk_lost_city
Spider:1: layout_spider_delve
Spider:2: layout_spider_delve
Spider:3: layout_chambers, nzn_ghost_randoct
Spider:4: grunt_spider_rune_parallel, nicolae_spider_bug_shape, uniq_arachne
Orc:1:    layout_caves
Orc:2:    st_orc_pillars, layout_caves
Vaults:1: grunt_vaults_bifocal, ontoclasm_vaults_bender,
          ontoclasm_vaults_decontamination, vaults_room_semicircle,
          grunt_vaults_swirl, ontoclasm_vaults_loading_screen,
          nicolae_vaults_gold_heap, nicolae_vaults_little_squares_3, v_misc_16,
          nicolae_vaults_network_periphery, serial_ice_m, v_misc_27,
          nicolae_vaults_alarming, v_misc_25, vaults_mumra_hex,
          vaults_room_fours, layout_vaults_ring
Vaults:2: vaults_room_grid, hangedman_vaults_nodes, ontoclasm_vaults_hangar,
          nicolae_vaults_network_quincunx
          [nicolae_vaults_network_quincunx_subvault,
          nicolae_vaults_network_quincunx_subvault,
          nicolae_vaults_network_quincunx_subvault,
          nicolae_vaults_network_quincunx_subvault,
          nicolae_vaults_network_quincunx_subvault], hangedman_vaults_cutoff,
          v_misc_15, nicolae_vaults_yaktaur_gun_rack, hangedman_vaults_nails,
          layout_vaults_chaotic_city, dummy_crypt_entry, serial_shops,
          nicolae_shop_statue_plus

Skill      XL: |  1  2  3  4  5  6  7  8  9 10 11 12 13 14 15 16 17 18 19 |
---------------+----------------------------------------------------------+-----
Staves         | 3 4 5 6 7 8 10 11 13 14 15 | 15.7
Armour         | 1 2 3 4 5 6 7 10 14 15 | 15.0
Fighting       | 5 6 9 10 11 16 20 | 20.6
Invocations    | 4 5 9 11 16 18 20 21 | 21.6
Evocations     | 2 7 10 | 10.0
Throwing       | |  1.7
Dodging        | |  2.6

Action                   |  1- 3 |  4- 6 |  7- 9 | 10-12 | 13-15 | 16-18 | 19-21 || total
-------------------------+-------+-------+-------+-------+-------+-------+-------++-------
Melee: Quarterstaff      |    94 |   144 |       |     3 |    67 |       |       ||   308
       Lajatang          |       |       |   310 |   470 |  1091 |  1830 |   742 ||  4443
Throw: Javelin           |       |     3 |     2 |       |       |       |       ||     5
       Dart              |       |       |       |     2 |       |     2 |       ||     4
Invok: Upheaval          |       |       |       |     1 |       |     1 |     2 ||     4
       Elemental Force   |       |       |       |     1 |       |       |       ||     1
       Disaster Area     |       |       |       |       |       |     4 |     2 ||     6
Evoke: Wand              |       |       |       |       |     7 |    12 |     1 ||    20
       Phantom mirror    |       |       |       |       |     1 |       |       ||     1
       Piece from Xom's  |       |       |       |       |       |     2 |       ||     2
  Use: Scroll            |     4 |     2 |     5 |    11 |    11 |     9 |     2 ||    44
       Potion            |       |       |       |       |     1 |     6 |     4 ||    11
 Stab: Invisible         |       |       |       |       |       |     6 |       ||     6
Armor: Leather armour    |    31 |       |       |       |       |       |       ||    31
       Plate armour      |    15 |    98 |   222 |   277 |   663 |  1323 |   373 ||  2971
Dodge: Dodged            |    41 |    54 |   118 |   152 |   346 |   738 |   223 ||  1672
       Repelled          |       |       |       |     9 |     6 |     9 |     3 ||    27
Block: Other             |     2 |    18 |    62 |   102 |   348 |   777 |   224 ||  1533
